 Dungeon Crawl Stone Soup version 0.26.1-11-gd32895ea62 (webtiles) character file.

Game seed: 4366509408874572955

38 tizbic2 the Digger (level 3, -3/16 HPs)
             Began as a Vine Stalker Earth Elementalist on June 29, 2021.
             Killed from afar by an orc wizard (4 damage)
             ... with a magic dart
             ... on level 1 of the Dungeon.
             The game lasted 00:06:04 (954 turns).

tizbic2 the Digger (Vine Stalker Earth Elementalist) Turns: 954, Time: 00:06:04

Health: -3/16      AC:  6    Str: 11    XL:     3   Next: 43%
Magic:  0/8        EV: 11    Int: 15    God:
Gold:   35         SH:  0    Dex: 14    Spells: 6/7 levels left

rFire    . . .     SeeInvis .   d - +0 dagger
rCold    . . .     Faith    .   (no shield)
rNeg     . . .     Spirit   +   f - +0 ring mail
rPois    .         Reflect  .   (no helmet)
rElec    .         Harm     .   (no cloak)
rCorr    .         Rampage  .   (no gloves)
Will     .....                  g - +0 pair of boots
Stlth    +.........             (no amulet)
HPRegen  0.05/turn              (no ring)
MPRegen  0.11/turn              (no ring)

@: no status effects
A: fangs 2, magic shield, antimagic bite, no potion heal 3
a: no special abilities


You were on level 1 of the Dungeon.
You visited 1 branch of the dungeon, and saw 2 of its levels.

You collected 35 gold pieces.

Inventory:

Hand Weapons
 d - a +0 dagger (weapon)
Missiles
 b - 17 stones
Armour
 f - a +0 ring mail (worn)
 g - a +0 pair of boots (worn)
Scrolls
 a - a scroll of fear {unknown}
Potions
 e - a potion of invisibility {unknown}


   Skills:
 + Level 0.8 Short Blades
 + Level 2.0 Dodging
 - Level 2.4 Stealth
 + Level 2.9 Spellcasting
 + Level 1.0 Transmutations
 + Level 3.4 Earth Magic


You had 6 spell levels left.
You knew the following spells:

 Your Spells              Type           Power        Failure   Level
a - Sandblast             Erth           24%          12%         1

Your spell library contained the following spells:

 Spells                   Type           Power        Failure   Level
 Passwall                 Tmut/Erth      6%           30%         2
 Stone Arrow              Conj/Erth      14%          58%         3
 Petrify                  Tmut/Erth      8%           89%         4
 Lee's Rapid Deconstruct  Erth           6%           98%         5


Dungeon Overview and Level Annotations

Branches:
Dungeon (2/15)

Altars:


Innate Abilities, Weirdness & Mutations

You have extremely sharp teeth.
When hurt, damage is shared between your health and your magic reserves.
Your bite disrupts and absorbs the magic of your enemies.
Potions cannot restore your health.


Message History

The orc wizard gestures at you while chanting.
The puff of flame hits you!
You bump into the rock wall.
The orc wizard points at itself and mumbles some strange words.
The orc wizard flickers and vanishes!
Deactivating autopickup; reactivate with Ctrl-A.
You feel less confused.
A puff of flame appears from out of thin air!
The puff of flame hits you!
* * * LOW HITPOINT WARNING * * *
You hear some strange, mumbled words.
Something tries to affect you, but you resist.
Something hits you but does no damage. Something hits you but does no damage.
There is a stone staircase leading down, spattered with blood here.
It was a potion of curing.
That felt strangely inert.
You hear some strange, mumbled words.
A magic dart appears from out of thin air!
The magic dart hits you.
You die...

###########.....# #.## #..
#.....####..# #..
#........##.## ##.
#.....##.##..## #.
#################.##.......#
.##
##.#.#.#.#.#.#.#.#.##..###..#
.## #......................#
##.##.#
##.#.#.#.#.#.#.#{#####.#
#..#.#
#...............@[.....#
#..#.#
##.#.#.#.#.#.#.#.#######
##.#.# .....).............#
#.#.# .#.#.#.#.#.#.#.#.#.#
#...# .##............###.#
##..# ..............## #.#
#..# ###...........# #.# #..#
#...........# #.# #.>#
#...........# #.# ##.#


There were no monsters in sight!

Vanquished Creatures
  3 dart slugs (D:1)
  A leopard gecko (D:1)
  3 orcs (D:1)
  3 giant cockroaches (D:1)
  5 goblins (D:1)
  3 hobgoblins (D:1)
  A kobold (D:1)
  A bat (D:1)
  A frilled lizard (D:1)
  5 rats (D:1)
26 creatures vanquished.

Notes
Turn   | Place    | Note
-------+----------+-------------------------------------------
     0 | D:1      | tizbic2 the Vine Stalker Earth Elementalist began the quest
                  | for the Orb.
     0 | D:1      | Reached XP level 1. HP: 9/9 MP: 4/4
   210 | D:1      | Reached XP level 2. HP: 11/13 MP: 3/6
   442 | D:1      | Reached XP level 3. HP: 12/16 MP: 8/8
   954 | D:1      | Killed from afar by an orc wizard

Illustrated notes

Levels and vault maps discovered:
D:1:      heliophobic_arrival_dark_side_of_the_moon, layout_basic, st_stairs_12
D:2:      layout_loops_ring, minmay_tetromino_t2, uniq_crazy_yiuf_cottage,
          uniq_natasha

Skill      XL: |  1  2  3 |
---------------+----------+-----
Dodging        | 2 |  2.0
Short Blades   | |  0.8
Stealth        | |  2.4
Spellcasting   | |  2.9
Transmutations | |  1.0
Earth Magic    | |  3.4

Action                   || total
-------------------------++-------
Melee: Dagger            ||    99
       Bite              ||    28
 Cast: Sandblast         ||    13
  Use: Potion            ||     1
 Stab: Sleeping          ||     2
Armor: Robe              ||     8
       Ring mail         ||    21
Dodge: Dodged            ||    56
